 Dungeon Crawl Stone Soup version 0.29-a0-409-gd843f3a48c (webtiles) character file.

Game seed: 7150329214676326885

440 trckry the Summoner (level 7, 0/36 HPs)
             Began as a Tengu Summoner on May 13, 2022.
             Slain by a hound (5 damage)
             ... on level 5 of the Dungeon.
             The game lasted 00:11:33 (3715 turns).

trckry the Summoner (Tengu Summoner)                Turns: 3715, Time: 00:11:34

Health: 0/36       AC:  4    Str: 14    XL:     7   Next: 2%
Magic:  2/13       EV: 14    Int: 18    God:
Gold:   201        SH:  0    Dex: 14    Spells: 2/13 levels left

rFire   . . .      SeeInvis .   l - +4 whip of Wu Jian's Grace {flame, Drain Str+6 Stlth+}
rCold   . . .      Faith    .   (no shield)
rNeg    . . .      Spirit   .   a - +0 robe
rPois   .          Reflect  .   (helmet restricted)
rElec   .          Harm     .   i - +1 cloak
rCorr   +          Rampage  .   (no gloves)
Will    .....                   (boots unavailable)
Stlth   +++.......              (no amulet)
HPRegen 0.12/turn               y - ring of resist corrosion
MPRegen 0.13/turn               A - ring of wizardry

@: flying quickly and evasively, quick
A: beak, talons 3, nimble flight
a: no special abilities


You were on level 5 of the Dungeon.
You visited 1 branch of the dungeon, and saw 5 of its levels.

You collected 201 gold pieces.

Inventory:

Hand Weapons
 g - a +1 short sword of flaming
 l - the +4 whip of Wu Jian's Grace (weapon) {flame, Drain Str+6 Stlth+}
   (You found it on level 2 of the Dungeon)

   It burns those it strikes, dealing additional fire damage.
   Str:       It affects your strength (+6).
   Drain:     It drains your maximum health when unequipped.
   Stlth:     It makes you more stealthy.
 o - a +2 dagger of venom
Missiles
 f - 7 poisoned darts (quivered)
Armour
 a - a +0 robe (worn)
 i - a +1 cloak (worn)
Jewellery
 y - a ring of resist corrosion (left hand)
 A - a ring of wizardry (right hand)
Wands
 p - a wand of mindburst (22)
 s - a wand of flame (21)
Scrolls
 d - 2 scrolls of immolation {unknown}
 h - a scroll of torment {unknown}
 j - a scroll of magic mapping {unknown}
 m - 2 scrolls of enchant weapon {unknown}
 n - 3 scrolls of identify {unknown}
 q - a scroll of blinking {unknown}
 r - a scroll of fog {unknown}
 t - a scroll of teleportation {unknown}
 u - a scroll of fear {unknown}
 x - a scroll of vulnerability {unknown}
 z - a scroll of poison {unknown}
Potions
 b - a potion of magic
 c - 2 potions of lignification {unknown}
 e - 4 potions of curing {unknown}
 k - a potion of might {unknown}
 v - a potion of attraction {unknown}
 w - a potion of degeneration {unknown}


   Skills:
 - Level 2.1 Dodging
 - Level 2.0 Stealth
 + Level 3.9 Spellcasting
 + Level 0.9 Hexes
 * Level 8.2 Summonings
 + Level 1.7 Air Magic


You had 2 spell levels left.
You knew the following spells:

 Your Spells              Type           Power      Damage    Failure   Level
a - Summon Small Mammal   Summ           100%       N/A       1%          1
b - Summon Guardian Gole  Hex/Summ       19%        N/A       2%          3
c - Call Canine Familiar  Summ           33%        N/A       1%          3
d - Summon Lightning Spi  Summ/Air       21%        N/A       8%          4

Your spell library contained the following spells:

 Spells                   Type           Power      Damage    Failure   Level
 Call Imp                 Summ           33%        N/A       1%          2


Dungeon Overview and Level Annotations

Branches:
Dungeon (5/15)
 Temple: D:4-7

Altars:


Innate Abilities, Weirdness & Mutations

You have a beak for a mouth.
You have claws for feet.
Your magical nature lets you fly swiftly and evasively.


Message History

You regained 2 hp, and now have 23/36 hp.
The iguana bites your lightning spire but does no damage.
Your lightning spire disappears in a puff of smoke!
Casting: Call Canine Familiar (safe; 1% risk of failure)
Confirm with . or Enter, or press ? or * to list all spells.
You now have 1/13 mp.
Your hound barely misses the iguana.
Your hound bites the iguana but does no damage.
Your hound closely misses the iguana.
You closely miss the hound. You claw the hound, but do no damage.
Your hound bites the iguana but does no damage.
The hound bites you but does no damage. The hound bites you.
You take 3 damage, and have 21/36 hp.
The hound bites you. The iguana bites you!
* * * LOW HITPOINT WARNING * * *
Your hound barely misses the iguana.
The hound misses you.
You take 14 damage, and have 7/36 hp.
MASSIVE DAMAGE!!
The hound attacks as you move away! The hound barely misses you.
Your hound closely misses the iguana.
The iguana bites your hound! The hound bites your hound.
Your hound bites the iguana.
The hound misses your hound.
Your hound bites the iguana but does no damage.
Your hound barely misses the iguana.
Casting: Call Canine Familiar (safe; 1% risk of failure)
Confirm with . or Enter, or press ? or * to list all spells.
Your hound bites the iguana.
The hound closely misses you.
You now have 1/13 mp.
Your hound misses the iguana.
Your bat hits the iguana but does no damage.
Your hound barely misses the iguana.
The iguana bites your bat!
Your bat dies!
Your bat's corpse disappears in a puff of smoke!
The iguana hisses angrily.
Your hound bites the iguana.
The hound bites you.
* * * LOW HITPOINT WARNING * * *
You take 2 damage, and have 5/36 hp.
The hound attacks as you move away! The hound bites you.
You die...

+..........#
#.......####
#.......#
#.....h.#
#.......#+###
..........ยง...#
#....#####l....#
#....
####h....##
#....
#..@.....?..
#...
#+##..........
#$####...... #.#
##.$.. ..# ....
.... ... ##. .


You could see an iguana and a hound.

Vanquished Creatures
  2 iguanas
  Robin (D:2)
  4 adders
  3 dart slugs
  2 orcs
  2 bats
  5 endoplasms
  4 giant cockroaches
  10 goblins
  9 hobgoblins
  2 jackals (D:2)
  4 kobolds
  2 quokkas
  6 ball pythons
  3 frilled lizards
  2 rats
61 creatures vanquished.

Vanquished Creatures (collateral kills)
  Menkaure (D:5)
  An ogre (D:4)
  2 orc wizards (D:4)
  An orc (D:4)
  2 endoplasms (D:1)
  2 giant cockroaches (D:1)
  A kobold (D:1)
  2 goblins
  A rat (D:1)
13 creatures vanquished.

Grand Total: 74 creatures vanquished

Notes
Turn   | Place    | Note
-------+----------+-------------------------------------------
     0 | D:1      | trckry the Tengu Summoner began the quest for the Orb.
     0 | D:1      | Reached XP level 1. HP: 10/10 MP: 4/4
   147 | D:1      | Reached skill level 5 in Summonings
   268 | D:1      | Reached XP level 2. HP: 15/15 MP: 6/6
   695 | D:1      | Reached XP level 3. HP: 14/19 MP: 7/7
  1001 | D:2      | Identified the +4 whip of Wu Jian's Grace {flame, Drain
                  | Str+6 Stlth+}
  1017 | D:2      | Reached skill level 6 in Summonings
  1237 | D:2      | Reached XP level 4. HP: 21/24 MP: 9/9
  1372 | D:2      | Noticed Robin
  1446 | D:2      | Killed Robin
  1757 | D:3      | Gained mutation: Your magical nature lets you fly swiftly
                  | and evasively. [Tengu growth]
  1757 | D:3      | Reached XP level 5. HP: 28/28 MP: 10/10
  2652 | D:4      | Noticed an ogre
  2665 | D:4      | Learned a level 3 spell: Call Canine Familiar
  2670 | D:4      | Learned a level 4 spell: Summon Lightning Spire
  2690 | D:4      | Killed an ogre
  2691 | D:4      | Reached skill level 7 in Summonings
  2691 | D:4      | Reached XP level 6. HP: 32/32 MP: 5/12
  2784 | D:4      | Learned a level 3 spell: Summon Guardian Golem
  3659 | D:5      | Entered Level 5 of the Dungeon
  3678 | D:5      | Noticed Menkaure
  3696 | D:5      | Killed Menkaure
  3697 | D:5      | Reached skill level 8 in Summonings
  3697 | D:5      | Reached skill level 1 in Air Magic
  3697 | D:5      | Reached XP level 7. HP: 23/36 MP: 4/13
  3714 | D:5      | HP: 5/36 [hound (2)]
  3715 | D:5      | Slain by a hound

Illustrated notes

Levels and vault maps discovered:
D:1:      dpeg_arrival_rhombi, layout_loops_ring
D:2:      layout_rooms, small_statue_intersection, minmay_distorted, uniq_robin
D:3:      layout_loops_cross
D:4:      layout_basic
D:5:      lemuel_ice_spiral_2, layout_basic, uniq_prince_ribbit1, uniq_menkaure

Skill      XL: |  1  2  3  4  5  6 |
---------------+-------------------+-----
Summonings     | 5 6 7 8 |  8.2
Spellcasting   | 3 |  3.9
Air Magic      | 1 |  1.7
Dodging        | |  2.1
Stealth        | |  2.0
Hexes          | |  0.9

Action                   |  1- 3 |  4- 6 |  7- 9 || total
-------------------------+-------+-------+-------++-------
Melee: Hand axe          |     6 |       |       ||     6
       Short sword       |    19 |       |       ||    19
       Kick              |    10 |    16 |     1 ||    27
       Peck              |     3 |    10 |       ||    13
       Whip              |     8 |    72 |     1 ||    81
Throw: Dart              |     3 |       |       ||     3
 Cast: Summon Small Mamm |    18 |       |     1 ||    19
       Call Canine Famil |       |     6 |     1 ||     7
       Summon Lightning  |       |     2 |       ||     2
 Stab: Distracted        |     1 |     1 |       ||     2
       Sleeping          |     3 |     6 |       ||     9
Armor: Robe              |     7 |    10 |     1 ||    18
Dodge: Dodged            |    22 |    37 |     3 ||    62

Table legend: (Time is in decaauts)
 A = Elapsed time spent in this place.
 B = Non-inter-level travel time spent in this place.
 C = Inter-level travel time spent in this place.
 D = Time resting spent in this place.
 E = Time spent auto-exploring this place.
 F = Levels seen in this place.
 G = Mean time per level.
                   A        B        C        D        E       F      G
               +--------+--------+--------+--------+--------+-----+--------+
         Total |   3592 |   3507 |     85 |      0 |   2756 |   5 |  718.4 |
       Dungeon |   3592 |   3507 |     85 |      0 |   2756 |   5 |  718.4 |
               +--------+--------+--------+--------+--------+-----+--------+

Top non-repeatable levels by time:
     D:4: 1323 daAuts
     D:1: 957 daAuts
     D:2: 633 daAuts
     D:3: 626 daAuts
     D:5: 51 daAuts
